 Dungeon Crawl Stone Soup version 0.27-a0-341-g40fdf68bc5 (webtiles) character file.

Game seed: 13042354029840929272

1625 xvvxxxvvx the Skirmisher (level 8, -1/74 HPs)
             Began as a White Draconian Monk on Feb 14, 2021.
             Slain by a lemure (8 damage)
             ... led by Pikel
             ... on level 7 of the Dungeon.
             The game lasted 00:35:41 (7364 turns).

xvvxxxvvx the Skirmisher (White Draconian Monk)     Turns: 7364, Time: 00:35:44

Health: -1/74      AC:  8    Str: 16      XL:     8   Next: 65%
Magic:  8/8        EV: 16    Int: 10      God:
Gold:   223        SH:  0    Dex: 15 (16) Spells: 7/7 levels left

rFire    . . .     SeeInvis .     - Unarmed
rCold    + . .     Faith    .   (no shield)
rNeg     . . .     Spirit   .   (armour unavailable)
rPois    .         Reflect  .   (helmet restricted)
rElec    .         Harm     .   (no cloak)
rCorr    .         Rampage  .   (no gloves)
Will     +....                  h - +1 pair of boots
Stlth    ++........             (no amulet)
HPRegen  0.22/turn              (no ring)
MPRegen  0.11/turn              (no ring)

@: about to teleport, short of breath
A: breathe frost, unfitting armour, agile 1, cold resistance 1, strong-willed 1,
cold-blooded, subdued magic 1, AC +6
a: Breathe Frost


You were on level 7 of the Dungeon.
You visited 1 branch of the dungeon, and saw 7 of its levels.

You collected 223 gold pieces.

Inventory:

Hand Weapons
 c - a +2 antimagic trident
Missiles
 b - 20 poisoned darts (quivered)
 g - 5 silver javelins
Armour
 h - a +1 pair of boots (worn)
Magical Staves
 i - a staff of air {unknown}
Wands
 d - a wand of acid (11)
 j - a wand of flame (23)
Scrolls
 a - a scroll of identify
 e - a scroll of magic mapping
 f - a scroll of teleportation


   Skills:
 + Level 7.7 Fighting
 + Level 6.4 Dodging
 - Level 1.7 Stealth
 + Level 7.0 Unarmed Combat


You had 7 spell levels left.
You didn't know any spells.
Your spell library contained the following spells:

 Spells                   Type           Power        Failure   Level
 Magic Dart               Conj           0%           32%         1
 Blink                    Tloc           N/A          45%         2
 Call Imp                 Summ           0%           45%         2
 Slow                     Hex            0%           45%         2
 Conjure Flame            Conj/Fire      0%           71%         3
 Mephitic Cloud           Conj/Pois/Air  0%           71%         3


Dungeon Overview and Level Annotations

Branches:
Dungeon (7/15)             Temple (0/1) D:6

Altars:
Elyvilon
Fedhas
Gozag
Kikubaaqudgha
Nemelex Xobeh
Xom
The Shining One

Annotations:
D:7 Pikel


Innate Abilities, Weirdness & Mutations

You can breathe waves of freezing cold.
You can buffet flying creatures when you breathe cold.
Your icy white scales are hard. (AC +6)
You cannot fit into any form of body armour.
Your flesh is cold resistant. (rC+)
You are cold-blooded and may be slowed by cold attacks.
You are agile. (Dex +2)
You are strong-willed. (Will+)
Your spells are a little easier to cast, but a little less powerful.


Message History

Pikel barely misses you. The lemure barely misses you.
You barely miss Pikel. You tail-slap Pikel, but do no damage.
Pikel is heavily wounded.
Pikel misses you. The lemure barely misses you.
You hit Pikel.
Pikel is heavily wounded.
Pikel hits you but does no damage. The lemure hits you.
You hit Pikel. You tail-slap Pikel, but do no damage.
Pikel is severely wounded.
Something barely misses you. Pikel barely misses you. The lemure misses you.
You hit Pikel but do no damage.
Pikel is severely wounded.
An orc wizard appears from thin air!
Reactivating autopickup.
The orc hits you but does no damage. Pikel completely misses you.
The lemure misses you.
You barely miss the orc wizard.
Your tail-slap misses the orc wizard.
The orc completely misses you.
The orc wizard hits you but does no damage.
Pikel closely misses you. The lemure hits you!
* * * LOW HITPOINT WARNING * * *
Press: ? - help, Shift-Dir - straight line, f/p - Pikel
Aim: Pikel, wielding a +0 whip of freezing and wearing a +0 robe (severely wounded)
You exhale a wave of freezing cold.
The freezing breath hits Pikel.
Pikel is severely wounded.
The orc hits you but does no damage.
The orc hits you from afar with a +0 vorpal trident.
* * * LOW HITPOINT WARNING * * *
x2 The orc wizard completely misses you.
The lemure barely misses you.
Pikel hits you with a +0 whip of freezing.
* * * LOW HITPOINT WARNING * * *
You aren't carrying any potions.
Unknown command.
As you read the scroll of teleportation, it crumbles to dust.
You feel strangely unstable. The orc barely misses you. The orc misses you.
The orc wizard points at itself and mumbles some strange words.
The orc wizard flickers and vanishes!
Deactivating autopickup; reactivate with Ctrl-A.
Pikel hits you but does no damage. The lemure hits you!
You die...

***,..,,,, *##,,...,*,,
######P##...#***,
###*##.#_._._#...#***,
####...#.#...........*,,,
#..#...#.#...⌠.....,,,,,,
#........P#..o..#*,,,,,,,
#.....,#.5###.##*,..**,*,
*#....##@K)....#....*,,,,
##......{oo.(....#,,,,,,,
#.........!..##..#,....,,
*#.........##........(..,,
#.........###...........,,
**#........................*
**,..........#.###.#.......#*
*...#........#..#####......#
######..#.....[..#.............##


You could see Pikel, a lemure and 2 orcs.

Vanquished Creatures
  A black bear (D:7)
  An ogre (D:6)
  A sky beast (D:5)
  An ice beast (D:7)
  3 lemures (D:7)
  Blork the orc (D:5)
  2 bullfrogs (D:6)
  A water moccasin skeleton (D:5)
  3 scorpions
  5 hounds
  A quasit (D:7)
  2 bullfrog skeletons
  2 centaur skeletons
  A gnoll shaman (D:6)
  7 orc wizards
  6 worker ants
  A hound skeleton (D:4)
  A howler monkey skeleton (D:4)
  5 gnolls (D:6)
  6 adders
  A shadow imp (D:6)
  2 white imps (D:5)
  2 oozes
  3 worms
  A dart slug (D:5)
  3 leopard geckos
  18 orcs
  3 giant cockroaches
  3 hobgoblins
  8 jackals
  4 quokkas
  2 ball pythons
  3 bats (D:1)
  2 frilled lizards
  4 goblins
  A jackal skeleton (D:5)
  3 kobolds
  A leopard gecko skeleton (D:6)
  3 rats
118 creatures vanquished.

Vanquished Creatures (others)
  7 bushes (D:6)
  18 plants
25 creatures vanquished.

Grand Total: 143 creatures vanquished

Notes
Turn   | Place    | Note
-------+----------+-------------------------------------------
     0 | D:1      | xvvxxxvvx the Draconian Monk began the quest for the Orb.
     0 | D:1      | Reached XP level 1. HP: 19/19 MP: 1/1
   289 | D:1      | Reached XP level 2. HP: 18/26 MP: 2/2
  1008 | D:2      | HP: 1/27 [goblin/+0 dagger (2)]
  1067 | D:3      | Found a glowing golden altar of the Shining One.
  1352 | D:3      | Reached XP level 3. HP: 33/33 MP: 3/3
  1524 | D:3      | Found a faded altar of an unknown god.
  1570 | D:3      | Reached XP level 4. HP: 32/40 MP: 4/4
  1584 | D:3      | Found an opulent altar of Gozag.
  2258 | D:3      | Gained mutation: Your spells are a little easier to cast,
                  | but a little less powerful. [potion of mutation]
  2258 | D:3      | Gained mutation: You are agile. (Dex +2) [potion of
                  | mutation]
  2258 | D:3      | Gained mutation: You are strong-willed. (Will+) [potion of
                  | mutation]
  2504 | D:4      | Reached XP level 5. HP: 40/47 MP: 5/5
  2816 | D:4      | Found a shimmering altar of Xom.
  2937 | D:4      | Reached skill level 5 in Fighting
  3120 | D:4      | Reached XP level 6. HP: 46/56 MP: 6/6
  3483 | D:5      | Entered Level 5 of the Dungeon
  4105 | D:5      | Noticed Blork the orc
  4131 | D:5      | Killed Blork the orc
  4132 | D:5      | Reached skill level 5 in Unarmed Combat
  4164 | D:5      | Your scales start taking on an icy white colour.
  4164 | D:5      | Reached XP level 7. HP: 37/62 MP: 7/7
  4164 | D:5      | Gained mutation: Your flesh is cold resistant. (rC+) [White
                  | Draconian growth]
  4770 | D:5      | Reached skill level 5 in Dodging
  5517 | D:6      | Found a blossoming altar of Fedhas.
  5856 | D:6      | Reached XP level 8. HP: 42/71 MP: 8/8
  6570 | D:6      | Found the -2 hat of the Alchemist {rElec rPois rF+ rC+ rN+
                  | Will+ rMut rCorr}
  6832 | D:6      | Found a staircase to the Ecumenical Temple.
  7300 | D:7      | Found an ancient bone altar of Kikubaaqudgha.
  7317 | D:7      | Found a sparkling altar of Nemelex Xobeh.
  7319 | D:7      | Found a white marble altar of Elyvilon.
  7320 | D:7      | Noticed Pikel
  7364 | D:7      | Slain by a lemure

Illustrated notes

Levels and vault maps discovered:
D:1:      tarquinn_simple_flora_water_a, layout_loops_ring
D:2:      cheibrodos_pilgrimage, layout_basic, uniq_terence, uniq_sigmund
D:3:      layout_loops_corners, nicolae_tso_carved_into_rock,
          chequers_ecumenical_altar_twisty, portal_sewer_entry_d,
          grunt_gozag_statues
D:4:      layout_basic, nicolae_overflow_crystal_walls
D:5:      layout_loops_ring, kennysheep_crisscross, uniq_blork_the_orc
D:6:      layout_loops_corners, minmay_temple_entry_from_below_a,
          fedhas_altar_decomposition
D:7:      layout_cave_pools, gammafunk_temple_overflow_forgotten, uniq_pikel

Skill      XL: |  1  2  3  4  5  6  7  8 |
---------------+-------------------------+-----
Dodging        | 3 4 5 6 |  6.4
Fighting       | 4 5 6 7 |  7.7
Unarmed Combat | 4 5 6 7 |  7.0
Stealth        | |  1.7

Action                   |  1- 3 |  4- 6 |  7- 9 || total
-------------------------+-------+-------+-------++-------
Melee: Unarmed           |    41 |   116 |   339 ||   496
       Tailslap          |    16 |    26 |    49 ||    91
       Dagger            |    57 |    44 |       ||   101
       Punch             |     1 |     2 |    10 ||    13
 Abil: Breathe Frost     |       |       |     2 ||     2
Evoke: Wand              |       |    10 |     5 ||    15
  Use: Scroll            |    11 |     4 |     4 ||    19
       Potion            |     3 |     4 |     4 ||    11
 Stab: Sleeping          |     2 |     3 |     1 ||     6
       Distracted        |       |     1 |       ||     1
       Paralysed         |       |     7 |       ||     7
Armor: Skin              |    36 |    38 |   141 ||   215
Dodge: Dodged            |    85 |    88 |   373 ||   546

Table legend: (Time is in decaauts)
 A = Elapsed time spent in this place.
 B = Non-inter-level travel time spent in this place.
 C = Inter-level travel time spent in this place.
 D = Time resting spent in this place.
 E = Time spent auto-exploring this place.
 F = Levels seen in this place.
 G = Mean time per level.
                   A        B        C        D        E       F      G
               +--------+--------+--------+--------+--------+-----+--------+
         Total |   7284 |   7216 |     68 |   1933 |   3385 |   7 | 1040.6 |
       Dungeon |   7284 |   7216 |     68 |   1933 |   3385 |   7 | 1040.6 |
               +--------+--------+--------+--------+--------+-----+--------+

Top non-repeatable levels by time:
     D:6: 2019 daAuts
     D:5: 1538 daAuts
     D:3: 1380 daAuts
     D:4: 1073 daAuts
     D:1: 873 daAuts
     D:7: 266 daAuts
     D:2: 132 daAuts
